 Dungeon Crawl Stone Soup version 0.27.1-34-g3ba077fa99 (webtiles) character file.

Game seed: 3827354164037730821

480 cbfl8 the Chopper (level 6, -15/55 HPs)
             Began as a Minotaur Delver on Jan 27, 2022.
             Was a Follower of Yredelemnul.
             Demolished by an orc warrior (18 damage)
             ... on level 5 of the Dungeon.
             The game lasted 00:04:06 (1998 turns).

cbfl8 the Chopper (Minotaur Delver)                 Turns: 1998, Time: 00:04:06

Health: -15/55     AC:  5    Str: 25    XL:     6   Next: 86%
Magic:  5/5        EV: 11    Int:  7    God:    Yredelemnul [*.....]
Gold:   130        SH:  0    Dex: 11    Spells: 5/5 levels left

rFire    . . .     SeeInvis .   n - +1 dagger (vamp)
rCold    . . .     Faith    .   (no shield)
rNeg     . . .     Spirit   .   j - +0 ring mail
rPois    .         Reflect  .   (helmet restricted)
rElec    .         Harm     .   (no cloak)
rCorr    .         Rampage  .   (no gloves)
Will     +....                  (no boots)
Stlth    ++........             (no amulet)
HPRegen  0.18/turn              l - ring of willpower
MPRegen  0.09/turn              i - +6 ring of strength

@: no status effects
A: horns 2, retaliatory headbutt
a: Renounce Religion, Animate Remains


You were on level 5 of the Dungeon.
You worshipped Yredelemnul.
Yredelemnul was aware of your devotion.
You visited 2 branches of the dungeon, and saw 3 of its levels.

You collected 130 gold pieces.

Inventory:

Hand Weapons
 a - a +0 hand axe
 n - a +1 vampiric dagger (weapon)
Armour
 b - a +0 leather armour
 j - a +0 ring mail (worn)
Jewellery
 i - a +6 ring of strength (right hand)
 l - a ring of willpower (left hand)
Wands
 g - a wand of digging (3)
Scrolls
 c - a scroll of fog
 d - a scroll of magic mapping
 e - a scroll of fear
 f - a scroll of noise {unknown}
 h - a scroll of teleportation {unknown}
 k - a scroll of identify {unknown}
Potions
 m - a potion of resistance {unknown}


   Skills:
 + Level 4.9 Fighting
 + Level 0.2 Short Blades
 + Level 5.3 Axes
 + Level 3.5 Armour
 + Level 3.1 Dodging
 + Level 5.2 Stealth
 + Level 0.1 Invocations


You had 5 spell levels left.
You didn't know any spells.
Your spell library was empty.

Dungeon Overview and Level Annotations

Branches:
Dungeon (5/15)             Temple (1/1) D:5

Altars:
Ashenzari
Cheibriados
Dithmenos
Elyvilon
Gozag
Hepliaklqana
Kikubaaqudgha
Makhleb
Nemelex Xobeh
Okawaru
Sif Muna
Uskayaw
Wu Jian
Xom
Yredelemnul


Innate Abilities, Weirdness & Mutations

You have a pair of horns on your head.
You reflexively headbutt those who attack you in melee.


Message History

Your orc zombie hits the orc warrior but does no damage.
The orc warrior closely misses you.
You barely miss the orc warrior. Your headbutt misses the orc warrior.
The orc warrior is lightly wounded.
Your orc priest zombie misses the orc warrior.
The orc warrior barely misses you. You furiously retaliate!
You headbutt the orc warrior.
Your orc zombie hits the orc warrior but does no damage.
You barely miss the orc warrior. You headbutt the orc warrior.
The orc warrior is heavily wounded.
The orc warrior hits you with a +0 short sword!
Your orc priest zombie closely misses the orc warrior.
Your orc zombie hits the orc warrior but does no damage.
You hit the orc warrior but do no damage.
The orc warrior is heavily wounded.
The orc warrior barely misses you.
Your orc priest zombie hits the orc warrior with a +0 hand axe.
Your orc zombie closely misses the orc warrior.
You hit the orc warrior but do no damage.
You headbutt the orc warrior.
The orc warrior is severely wounded.
The orc warrior hits you with a +0 short sword!
* * * LOW HITPOINT WARNING * * *
You hit the orc warrior.
You feel better.
The orc warrior is severely wounded.
Your orc priest zombie hits the orc warrior but does no damage.
Your orc zombie closely misses the orc warrior.
The orc warrior hits you with a +0 short sword!
* * * LOW HITPOINT WARNING * * *
You closely miss the orc warrior.
The orc warrior is severely wounded.
Your orc priest zombie hits the orc warrior but does no damage.
Your orc zombie hits the orc warrior but does no damage.
The orc warrior hits your orc zombie with a +0 short sword.
You hit the orc warrior but do no damage.
Your headbutt misses the orc warrior.
The orc warrior is severely wounded.
The orc warrior hits you with a +0 short sword!!
You die...
Your body rises from the dead as a mindless zombie.

.........# .........#
.........# .........#
.........# .........#
.........# .......@o#
.......ZZ##+############
#######'##..............
#....#.>............
#....#..............
#....#.............
####.#.............
########'####.....######
#.....#.....#.....'...#.


You could see an orc warrior (ally target), a friendly orc zombie and a friendly
orc priest zombie.

Vanquished Creatures
  A black bear (D:5)
  An ogre (D:5)
  A water moccasin skeleton (D:5)
  A hound (D:5)
  An orc priest (D:5)
  A centaur skeleton (D:5)
  An iguana (D:4)
  2 orc wizards
  A scorpion zombie (D:5)
  A hound skeleton (D:4)
  A howler monkey zombie (D:5)
  A shadow imp (D:5)
  An ufetubus (D:5)
  A worm (D:4)
  7 orcs
  3 endoplasms (D:4)
  A kobold (D:4)
  A ball python (D:4)
  A jackal skeleton (D:4)
28 creatures vanquished.

Notes
Turn   | Place    | Note
-------+----------+-------------------------------------------
     0 | D:5      | cbfl8 the Minotaur Delver began the quest for the Orb.
     0 | D:5      | Reached XP level 1. HP: 19/19 MP: 0/0
    29 | D:5      | Noticed a hound
    35 | D:5      | Killed a hound
    36 | D:5      | Reached XP level 2. HP: 20/27 MP: 1/1
    36 | D:5      | Reached XP level 3. HP: 24/33 MP: 2/2
   182 | D:5      | Found a staircase to the Ecumenical Temple.
   194 | Temple   | Entered the Ecumenical Temple
   395 | Temple   | Became a worshipper of Yredelemnul the Dark
   479 | D:5      | Noticed a black bear
   479 | D:5      | Noticed a scorpion
   560 | D:4      | Reached skill level 5 in Stealth
   560 | D:4      | Reached XP level 4. HP: 21/40 MP: 3/3
   851 | D:4      | Reached skill level 1 in Armour
  1054 | D:4      | Noticed an ogre
  1262 | D:5      | Noticed an ogre
  1276 | D:5      | Killed an ogre
  1277 | D:5      | Reached XP level 5. HP: 26/47 MP: 4/4
  1313 | D:5      | Noticed an ogre
  1334 | D:5      | Killed a black bear
  1335 | D:5      | Reached XP level 6. HP: 16/53 MP: 5/5
  1674 | D:5      | Reached skill level 5 in Axes
  1698 | D:5      | Reached * piety under Yredelemnul
  1978 | D:5      | Noticed an orc warrior
  1996 | D:5      | HP: 2/55 [orc warrior (7)]
  1998 | D:5      | Demolished by an orc warrior

Illustrated notes

Levels and vault maps discovered:
D:4:      layout_basic, serial_shops, shop
D:5:      layout_gridville, mainiacjoe_overflow_alcove_1,
          minmay_temple_entry_ruins
Temple:   regret_index_temple_generic_petals

Skill      XL: |  1  2  3  4  5  6 |
---------------+-------------------+-----
Fighting       | 4 |  4.9
Stealth        | 5 |  5.2
Axes           | 3 4 5 |  5.3
Armour         | 2 3 |  3.5
Dodging        | 3 |  3.1
Short Blades   | |  0.2
Invocations    | |  0.1

Action                   |  1- 3 |  4- 6 || total
-------------------------+-------+-------++-------
Melee: Hand axe          |    18 |    54 ||    72
       Headbutt          |     4 |    25 ||    29
       Dagger            |       |    28 ||    28
Invok: Animate Remains   |       |     2 ||     2
  Use: Potion            |       |     2 ||     2
 Stab: Sleeping          |       |     1 ||     1
Armor: Leather armour    |     1 |       ||     1
       Ring mail         |     4 |    29 ||    33
Dodge: Dodged            |    16 |    58 ||    74
